Map: [ESL] Hecate

Players

NightPhoenix

  • Race: Protoss Protoss
  • Spawn Location: 1:00

ForJumy - Winner!

  • Race: Protoss Protoss
  • Spawn Location: 7:00

Event: ESL SC2 Masters 2023 Winter (Regional)

VOD

Have the link to the VOD?

Description

Time

  • Played on: Nov. 2, 2023, 1:31 p.m.
  • Length: 12:07

All games in this series

Show
View Real Time Build Order
Export as new Build Order

NightPhoenix Protoss 

Build Orders: Oracle Opening 

Get SALT Encoding   

  12  0:00  Probe  
  13  0:12  Probe  
  14  0:17  Pylon  
  14  0:24  Probe (Chrono Boost)  
  15  0:36  Gateway, Probe (Chrono Boost)  
  16  0:45  Probe (Chrono Boost)  
  16  0:49  Assimilator  
  17  0:51  Probe  
  17  0:54  Assimilator  
  18  1:03  Probe (Chrono Boost)  
  19  1:06  Gateway  
  19  1:12  Probe (Chrono Boost)  
  19  1:17  Probe (Chrono Boost)  
  20  1:24  Cybernetics Core  
  21  1:29  Probe  
  22  1:33  Pylon  
  22  1:42  Probe  
  23  1:54  Probe  
  24  2:01  Warp Gate, Stalker x2  
  28  2:06  Probe  
  29  2:12  Pylon  
  29  2:27  Stargate  
  29  2:37  Stalker x2  
  33  3:02  Nexus  
  33  3:08  Oracle (Chrono Boost)  
  36  3:14  Probe  
  37  3:22  Pylon  
  37  3:32  Probe  
  37  3:38  Pylon  
  37  3:40  Oracle  
  39  3:54  Pylon  
  39  3:57  Stalker x2  
  43  4:10  Shield Battery  
  41  4:24  Stalker  
  41  4:25  Stalker  
  41  4:30  Gateway  
  42  4:38  Phoenix (Chrono Boost)  
  44  4:48  Pylon  
  44  4:52  Stalker  
  44  4:55  Shield Battery  
  46  5:01  Phoenix  
  48  5:11  Stalker  
  50  5:17  Stalker  
  50  5:19  Probe  
  53  5:22  Probe (Chrono Boost)  
  54  5:31  Probe (Chrono Boost)  
  54  5:34  Probe (Chrono Boost)  
  56  5:37  Twilight Council  
  56  5:42  Probe (Chrono Boost)  
  58  5:43  Probe (Chrono Boost)  
  58  5:47  Probe (Chrono Boost)  
  58  5:49  Probe  
  60  5:59  Probe (Chrono Boost)  
  60  6:01  Probe (Chrono Boost)  
  60  6:03  Gateway  
  62  6:04  Gateway  
  62  6:07  Blink (Chrono Boost)  
  63  6:15  Probe (Chrono Boost)  
  63  6:17  Probe (Chrono Boost)  
  64  6:21  Gateway  
  64  6:22  Probe  
  65  6:29  Probe, Pylon  
  66  6:34  Probe  
  66  6:37  Assimilator  
  66  6:38  Pylon  
  66  6:39  Pylon  
  67  6:49  Stalker  
  67  6:50  Stalker  
  67  6:54  Probe x2  
  73  6:55  Stalker  
  73  7:00  Stalker  
  77  7:02  Stalker  
  79  7:14  Stalker x2  
  83  7:15  Gateway  
  83  7:26  Stalker  
  83  7:27  Stalker  
  83  7:28  Stalker  
  89  7:35  Stalker  
  89  7:51  Nexus  
  89  7:52  Pylon  
  75  8:15  Stalker x6  
  70  8:28  Stalker  
  70  8:29  Probe x2  
  68  8:46  Stalker  
  68  8:47  Stalker x4  
  74  8:51  Assimilator  
  74  8:53  Stalker  
  76  8:56  Probe  
  69  9:14  Stalker x3  
  69  9:15  Probe x2  
  73  9:26  Stalker x2  
  77  9:32  Stalker  
  77  9:36  Stalker  
  81  9:40  Adept  
  81  9:42  Adept  
  82  9:52  Stalker  
  82  9:53  Stalker  
  82  9:54  Stalker  
  82  9:56  Probe  
  79  10:14  Stalker x4  
  73  10:18  Stalker  
  73  10:19  Probe x2  
  80  10:21  Probe  
  80  10:25  Stalker  
  80  10:27  Stalker  
  84  10:31  Probe  
  85  10:40  Adept x3  
  85  10:41  Adept  
  90  10:44  Probe  
  65  10:57  Stalker x3  
  65  11:02  Stalker  
  65  11:03  Stalker x2  
  73  11:08  Probe x2 (Chrono Boost)  
  73  11:09  Probe (Chrono Boost)  
  76  11:13  Stalker  
  80  11:18  Probe x2 (Chrono Boost)  
  80  11:21  Stalker  
  80  11:22  Probe (Chrono Boost)  
  80  11:23  Probe (Chrono Boost)  
  70  11:41  Stalker x5  
  78  11:52  Stalker x2  
Show
View Real Time Build Order
Export as new Build Order

ForJumy Protoss - Winner!

Build Orders: Phoenix Opening 

Get SALT Encoding   

  12  0:00  Probe  
  13  0:12  Probe  
  14  0:16  Pylon  
  14  0:24  Probe  
  15  0:34  Gateway  
  15  0:36  Probe (Chrono Boost)  
  16  0:46  Assimilator, Probe (Chrono Boost)  
  17  0:51  Probe (Chrono Boost)  
  17  0:54  Assimilator  
  18  1:03  Probe (Chrono Boost)  
  19  1:09  Gateway  
  19  1:13  Probe (Chrono Boost)  
  20  1:18  Probe (Chrono Boost)  
  20  1:24  Cybernetics Core  
  21  1:30  Probe  
  22  1:35  Pylon  
  22  1:42  Probe  
  23  1:54  Probe  
  23  2:01  Adept, Stalker  
  28  2:03  Warp Gate  
  28  2:06  Probe  
  29  2:15  Pylon  
  29  2:19  Probe  
  30  2:25  Pylon  
  30  2:31  Probe  
  30  2:36  Stalker  
  33  2:40  Stargate  
  33  2:48  Probe  
  33  2:51  Stalker  
  36  3:00  Probe  
  37  3:21  Pylon  
  37  3:23  Phoenix  
  39  3:32  Nexus  
  39  3:38  Pylon  
  39  3:44  Shield Battery  
  38  3:57  Phoenix (Chrono Boost)  
  38  3:58  Probe  
  39  4:06  Stalker  
  41  4:15  Stalker  
  43  4:42  Phoenix (Chrono Boost)  
  43  4:43  Pylon  
  43  4:44  Probe  
  46  4:46  Probe  
  47  4:56  Stalker x2  
  47  4:59  Probe (Chrono Boost)  
  52  5:03  Probe (Chrono Boost)  
  51  5:08  Probe (Chrono Boost)  
  51  5:10  Probe (Chrono Boost)  
  53  5:14  Pylon  
  54  5:21  Probe  
  54  5:24  Robotics Facility  
  54  5:32  Probe  
  54  5:33  Probe  
  54  5:34  Twilight Council  
  56  5:38  Sentry, Stalker  
  56  5:41  Shield Battery  
  60  5:44  Probe  
  60  5:45  Assimilator  
  60  5:47  Probe  
  60  5:49  Pylon  
  62  5:59  Gateway  
  62  6:02  Forge  
  62  6:06  Blink (Chrono Boost)  
  62  6:07  Probe x2  
  64  6:13  Stalker  
  64  6:17  Stalker  
  68  6:19  Probe x2  
  68  6:23  Pylon  
  70  6:30  Protoss Ground Weapons Level 1 (Chrono Boost)  
  70  6:41  Nexus, Probe x2  
  72  6:49  Stalker  
  72  6:53  Probe x2  
  72  6:54  Gateway  
  76  6:55  Gateway  
  76  6:57  Stalker  
  76  6:59  Pylon  
  78  7:10  Nexus  
  78  7:13  Pylon  
  78  7:17  Probe x2  
  78  7:19  Assimilator  
  78  7:20  Pylon  
  80  7:26  Stalker x2  
  84  7:33  Shield Battery  
  84  7:34  Stalker  
  84  7:44  Pylon  
  84  7:46  Probe  
  84  7:48  Gateway  
  84  7:51  Stalker x2  
  89  7:57  Probe  
  90  8:00  Stalker x2  
  88  8:06  Stalker x2  
  88  8:09  Probe  
  82  8:14  Stalker x2  
  72  8:20  Probe  
  70  8:32  Stalker x3  
  74  8:38  Stalker  
  68  8:43  Stalker x2  
  70  8:58  Stalker x3  
  76  9:04  Protoss Ground Weapons Level 2 (Chrono Boost)  
  76  9:07  Stalker x2  
  74  9:15  Adept  
  74  9:23  Probe  
  75  9:25  Stalker  
  77  9:33  Stalker x2  
  77  9:36  Probe  
  82  9:41  Stalker  
  84  9:48  Stalker x2  
  86  9:54  Probe (Chrono Boost)  
  86  9:58  Stalker x2  
  91  10:04  Stalker x2  
  91  10:05  Probe (Chrono Boost)  
  86  10:10  Probe (Chrono Boost)  
  79  10:14  Adept x2  
  83  10:23  Robotics Facility, Stalker x2  
  87  10:29  Probe  
  87  10:32  Stalker x2  
  87  10:35  Adept  
  94  10:41  Probe, Stalker  
  97  10:47  Stalker x2  
  80  10:57  Stalker x3  
  84  11:11  Immortal (Chrono Boost), Stalker x3  
  88  11:17  Probe  
  95  11:23  Adept  
  95  11:24  Adept  
  99  11:26  Stalker  
  99  11:29  Probe  
  92  11:40  Stalker x3  
  92  11:41  Probe  
  92  11:43  Probe  
  92  11:45  Observer (Chrono Boost)  
  101  11:51  Stalker  
  97  11:57  Stalker x2  
  94  12:07  Nexus  
Tags
 
Add a new tag
Caveats
  • Supply blocks, unpowered buildings, or Contaminate may cause inaccurate times.
  • Supply counts are checked every 10 seconds.